Map: 永恒帝国-天梯版

Players

Cyan

  • Race: Protoss Protoss

JieShi - Winner!

  • Race: Protoss Protoss
  • League: Master

Event: DreamHack SC2 Masters 2020 Fall

VOD

Have the link to the VOD?

Description

Time

  • Played on: Sept. 3, 2020, 8:03 a.m.
  • Length: 16:10

All games in this series

Show
View Real Time Build Order
Export as new Build Order

Cyan Protoss 

Build Orders:  

Get SALT Encoding   

  12  0:00  Probe  
  13  0:12  Probe  
  14  0:19  Pylon  
  14  0:24  Probe  
  15  0:37  Probe (Chrono Boost)  
  15  0:39  Gateway  
  16  0:46  Probe (Chrono Boost)  
  16  0:48  Assimilator  
  17  0:52  Probe  
  18  1:02  Assimilator  
  18  1:04  Probe (Chrono Boost)  
  19  1:14  Gateway  
  19  1:15  Probe (Chrono Boost)  
  20  1:19  Probe (Chrono Boost)  
  21  1:29  Cybernetics Core  
  21  1:30  Probe  
  22  1:37  Pylon  
  22  1:42  Probe  
  23  1:55  Probe  
  24  2:02  Warp Gate (Chrono Boost)  
  24  2:05  Stalker x2  
  28  2:13  Pylon  
  28  2:24  Shield Battery  
  28  2:35  Stalker x2  
  32  2:39  Robotics Facility  
  31  2:50  Gateway  
  31  3:04  Stalker  
  31  3:05  Stalker  
  35  3:12  Pylon  
  35  3:21  Shield Battery  
  35  3:31  Warp Prism (Chrono Boost)  
  37  3:50  Sentry x2  
  41  4:00  Observer  
  42  4:07  Pylon  
  38  4:24  Robotics Bay  
  38  4:27  Probe  
  38  4:30  Adept x3  
  45  4:47  Nexus  
  45  4:59  Stalker  
  46  5:04  Stalker  
  45  5:09  Probe  
  45  5:27  Disruptor  
  45  5:33  Probe  
  46  5:45  Probe  
  41  5:53  Sentry  
  41  5:55  Adept  
  41  5:56  Adept  
  39  5:57  Probe  
  38  6:05  Probe  
  38  6:06  Warp Prism  
  38  6:09  Probe (Chrono Boost)  
  42  6:11  Observer  
  42  6:18  Probe (Chrono Boost)  
  39  6:21  Probe (Chrono Boost)  
  40  6:26  Stalker  
  40  6:28  Probe (Chrono Boost)  
  40  6:29  Stalker  
  40  6:30  Probe (Chrono Boost)  
  46  6:34  Probe (Chrono Boost)  
  46  6:38  Sentry  
  46  6:39  Probe  
  50  6:46  Probe  
  51  6:50  Stalker  
  53  6:56  Disruptor  
  53  6:59  Probe (Chrono Boost)  
  57  7:04  Probe (Chrono Boost)  
  58  7:10  Shield Battery  
  58  7:11  Probe (Chrono Boost)  
  59  7:17  Twilight Council  
  59  7:20  Probe (Chrono Boost)  
  59  7:22  Probe (Chrono Boost)  
  60  7:26  Probe  
  57  7:39  Probe (Chrono Boost)  
  57  7:40  Probe (Chrono Boost)  
  56  7:50  Immortal (Chrono Boost), Probe (Chrono Boost)  
  58  7:52  Probe (Chrono Boost)  
  58  7:56  Blink (Chrono Boost)  
  62  8:01  Probe  
  62  8:05  Probe  
  64  8:13  Probe  
  64  8:17  Probe  
  66  8:20  Pylon  
  66  8:21  Pylon  
  66  8:25  Probe  
  67  8:29  Shield Battery  
  67  8:38  Immortal  
  71  8:43  Probe  
  71  8:45  Stalker x2  
  76  8:50  Stalker  
  78  9:02  Probe  
  79  9:04  Probe  
  80  9:10  Assimilator  
  80  9:13  Assimilator  
  80  9:17  Stalker  
  80  9:18  Immortal  
  80  9:22  Pylon  
  80  9:24  Pylon  
  86  9:33  Observer  
  86  9:36  Pylon  
  86  9:38  Gateway  
  86  9:40  Probe x2  
  86  9:41  Gateway  
  88  9:49  Stalker  
  89  10:02  Immortal (Chrono Boost)  
  93  10:07  Pylon  
  93  10:12  Gateway  
  93  10:31  Nexus  
  93  10:34  Pylon  
  93  10:40  Observer (Chrono Boost), Probe  
  93  10:41  Probe  
  95  10:50  Forge  
  95  10:52  Probe  
  95  10:53  Probe  
  97  11:01  Stalker  
  97  11:04  Probe  
  97  11:05  Probe  
  97  11:08  Shield Battery  
  97  11:10  Observer (Chrono Boost)  
  100  11:16  Robotics Facility, Probe  
  100  11:17  Probe  
  102  11:24  Observer (Chrono Boost)  
  103  11:28  Protoss Ground Weapons Level 1 (Chrono Boost), Probe  
  103  11:29  Probe  
  103  11:33  Photon Cannon  
  103  11:40  Probe  
  103  11:42  Photon Cannon, Probe  
  103  11:45  Probe  
  106  11:52  Probe  
  106  11:53  Disruptor (Chrono Boost)  
  106  11:54  Probe  
  111  11:59  Stalker x3  
  111  12:01  Probe  
  118  12:05  Probe  
  118  12:06  Sentry, Probe  
  122  12:12  Disruptor (Chrono Boost)  
  125  12:17  Assimilator  
  125  12:20  Assimilator  
  125  12:22  Probe  
  125  12:24  Observer  
  125  12:26  Disruptor (Chrono Boost)  
  125  12:29  Gateway  
  128  12:31  Gateway  
  128  12:37  Pylon  
  128  12:42  Stalker x3  
  127  12:46  Disruptor (Chrono Boost)  
  127  12:48  Probe  
  127  12:49  Probe  
  129  12:51  Disruptor (Chrono Boost)  
  129  12:56  Probe  
  133  13:00  Probe  
  133  13:03  Observer, Stalker  
  133  13:05  Gateway  
  136  13:13  Stalker  
  136  13:14  Stalker x2  
  136  13:16  Disruptor (Chrono Boost)  
  141  13:20  Disruptor (Chrono Boost)  
  144  13:32  Observer  
  144  13:35  Nexus  
  144  13:37  Pylon  
  144  13:39  Pylon  
  144  13:41  Stalker x2  
  141  13:48  Stalker x2  
  145  13:58  Probe, Photon Cannon  
  145  13:59  Shield Battery  
  145  14:00  Probe x2  
  148  14:11  Probe  
  148  14:12  Probe x2  
  137  14:17  Stalker x4  
  106  14:34  Stalker x2  
  106  14:35  Stalker  
  106  14:36  Disruptor x2 (Chrono Boost)  
  94  14:42  Stalker x2  
  94  14:43  Stalker x2  
  89  14:58  Stalker x3  
  73  15:05  Disruptor (Chrono Boost)  
  76  15:08  Disruptor (Chrono Boost)  
  74  15:15  Stalker x2  
  75  15:27  Stalker  
  69  15:34  Disruptor (Chrono Boost)  
  69  15:40  Stalker x3  
  71  15:42  Probe  
  71  15:54  Cybernetics Core  
Show
View Real Time Build Order
Export as new Build Order

JieShi Protoss - Winner!

Build Orders:  

Get SALT Encoding   

  12  0:00  Probe  
  13  0:12  Probe  
  14  0:17  Pylon  
  14  0:24  Probe (Chrono Boost)  
  15  0:37  Probe (Chrono Boost)  
  15  0:38  Gateway  
  16  0:43  Probe (Chrono Boost)  
  16  0:46  Assimilator  
  17  0:51  Probe  
  17  0:55  Assimilator  
  18  1:03  Probe (Chrono Boost)  
  19  1:09  Gateway  
  19  1:13  Probe (Chrono Boost)  
  19  1:18  Probe (Chrono Boost)  
  21  1:28  Cybernetics Core  
  21  1:30  Probe  
  22  1:36  Pylon  
  22  1:42  Probe  
  23  1:53  Pylon  
  23  1:54  Probe  
  24  2:04  Adept x2  
  24  2:05  Warp Gate  
  28  2:13  Pylon  
  28  2:22  Shield Battery  
  28  2:34  Adept x2  
  32  2:59  Nexus  
  32  3:02  Probe  
  33  3:08  Sentry x2  
  37  3:14  Shield Battery  
  37  3:15  Probe  
  38  3:23  Robotics Facility  
  38  3:28  Probe  
  39  3:36  Shield Battery  
  39  3:40  Probe  
  40  3:52  Probe  
  40  3:53  Stalker  
  40  3:54  Sentry  
  45  4:04  Probe  
  46  4:16  Stalker  
  46  4:17  Probe  
  47  4:19  Stalker  
  47  4:21  Observer (Chrono Boost)  
  47  4:23  Shield Battery  
  51  4:39  Immortal (Chrono Boost)  
  51  4:42  Adept x2  
  58  4:48  Probe x2  
  60  4:55  Pylon  
  59  5:00  Probe  
  59  5:02  Twilight Council  
  60  5:13  Probe  
  60  5:14  Pylon, Probe  
  61  5:26  Probe  
  62  5:29  Probe  
  62  5:33  Warp Prism (Chrono Boost)  
  62  5:34  Adept x2  
  63  5:41  Blink (Chrono Boost)  
  60  5:50  Probe  
  60  6:02  Probe  
  61  6:06  Adept  
  61  6:07  Adept  
  64  6:14  Immortal (Chrono Boost)  
  64  6:15  Probe  
  66  6:19  Probe  
  66  6:24  Gateway  
  67  6:36  Stalker  
  69  6:40  Pylon  
  69  6:42  Pylon  
  69  6:46  Pylon  
  69  6:50  Gateway  
  69  6:58  Probe  
  70  7:02  Probe  
  70  7:08  Assimilator  
  71  7:10  Probe  
  71  7:11  Assimilator  
  72  7:17  Stalker x2  
  72  7:19  Stalker  
  72  7:21  Probe  
  72  7:22  Forge, Probe  
  80  7:34  Probe (Chrono Boost)  
  64  7:45  Probe (Chrono Boost)  
  64  7:46  Probe (Chrono Boost)  
  64  7:48  Stalker x4  
  74  7:51  Protoss Ground Weapons Level 1 (Chrono Boost)  
  74  7:55  Probe (Chrono Boost)  
  74  7:56  Probe (Chrono Boost)  
  76  8:00  Probe  
  76  8:03  Gateway  
  77  8:29  Nexus  
  77  8:31  Pylon  
  77  8:33  Gateway  
  77  8:37  Pylon  
  71  8:42  Probe x2  
  71  8:46  Stalker  
  75  8:50  Observer  
  75  8:51  Stalker  
  78  9:04  Probe  
  78  9:05  Probe  
  78  9:07  Stalker x2  
  84  9:14  Stalker x2  
  88  9:30  Stalker x3  
  92  9:35  Probe x2  
  94  9:48  Stalker x2  
  98  9:54  Protoss Ground Weapons Level 2 (Chrono Boost)  
  98  9:58  Robotics Bay  
  98  10:10  Dark Shrine  
  98  10:12  Probe (Chrono Boost)  
  98  10:14  Probe (Chrono Boost)  
  101  10:19  Probe (Chrono Boost)  
  102  10:22  Probe (Chrono Boost)  
  102  10:23  Probe (Chrono Boost)  
  102  10:27  Probe x2 (Chrono Boost)  
  105  10:38  Probe  
  105  10:39  Pylon  
  106  10:43  Pylon  
  106  10:46  Gateway  
  106  10:50  Disruptor (Chrono Boost)  
  107  11:03  Probe  
  108  11:06  Shield Battery, Photon Cannon  
  108  11:08  Photon Cannon  
  108  11:10  Photon Cannon  
  108  11:13  Stalker x2  
  108  11:14  Stalker  
  108  11:15  Probe  
  115  11:19  Disruptor (Chrono Boost)  
  113  11:28  Dark Templar x2  
  113  11:29  Dark Templar  
  113  11:32  Pylon  
  115  11:34  Probe x2  
  115  11:35  Probe  
  115  11:37  Pylon  
  118  11:43  Disruptor (Chrono Boost)  
  118  11:44  Dark Templar  
  118  11:45  Dark Templar  
  123  11:59  Stalker x2  
  123  12:01  Probe  
  128  12:02  Assimilator, Probe x2  
  128  12:05  Assimilator  
  130  12:15  Probe  
  121  12:18  Observer  
  121  12:19  Robotics Facility  
  122  12:27  Probe  
  121  12:37  Warp Prism (Chrono Boost)  
  121  12:41  Stalker  
  121  12:42  Stalker x5  
  135  12:44  Stalker  
  135  12:50  Pylon  
  137  12:54  Pylon  
  137  13:01  Observer  
  137  13:04  Disruptor  
  125  13:06  Disruptor  
  131  13:19  Nexus  
  128  13:22  Pylon  
  128  13:29  Stalker x3  
  128  13:30  Stalker x3  
  128  13:31  Stalker  
  141  13:37  Disruptor (Chrono Boost)  
  131  13:50  Disruptor (Chrono Boost)  
  131  13:52  Stalker x2  
  131  13:53  Stalker  
  137  13:56  Gateway, Probe  
  137  13:57  Probe x2  
  137  13:59  Stalker  
  137  14:00  Stalker  
  144  14:04  Stalker  
  144  14:06  Observer  
  143  14:18  Stalker x4  
  135  14:36  Stalker x2  
  135  14:37  Stalker  
  111  14:44  Stalker x2  
  111  14:45  Stalker x2  
  111  14:59  Observer  
  109  15:00  Observer  
  100  15:23  Disruptor  
  100  15:24  Stalker x4  
  100  15:25  Stalker x3  
  99  15:51  Stalker x2  
  99  15:52  Stalker x5  
  99  15:53  Stalker  

Tags
 
Add a new tag
Caveats
  • Supply blocks, unpowered buildings, or Contaminate may cause inaccurate times.
  • Supply counts are checked every 10 seconds.